 Dungeon Crawl Stone Soup version 0.18.1-48-g4cf74bf (webtiles) character file.

72 Valdrik the Ruffian (level 4, -5/44 HPs)
             Began as a Troll Monk on July 31, 2016.
             Killed by divine providence
             ... invoked by an orc priest
              (7 damage)
             ... on level 3 of the Dungeon.
             The game lasted 00:08:52 (1575 turns).

Valdrik the Ruffian (Troll Monk)                    Turns: 1575, Time: 00:08:53

Health: -5/44      AC:  5    Str: 20    XL:     4   Next: 7%
Magic:  3/3        EV: 10    Int:  6    God:
Gold:   117        SH:  0    Dex: 12    Spells: 0 memorised, 3 levels left

rFire  . . .     SeeInvis .       - Unarmed
rCold  . . .     Gourm    +     a - +0 robe
rNeg   . . .     Faith    .     (no shield)
rPois  .         Spirit   .     (helmet restricted)
rElec  .         Dismiss  .     (no cloak)
rCorr  .         Reflect  .     (gloves unavailable)
SustAt .         Harm     .     (boots unavailable)
MR     .....                    (no amulet)
Stlth  +.........               (no ring)
                                (no ring)

@: not resistant to hostile enchantments, very unstealthy
A: unfitting armour, claws 3, fast metabolism 3, gourmand, regeneration 2,
shaggy fur 1, tough skin 2
a: no special abilities


You were on level 3 of the Dungeon.
You were full.

You visited 1 branch of the dungeon, and saw 3 of its levels.

You collected 117 gold pieces.

Inventory:

Armour
 a - a +0 robe (worn)
Jewellery
 i - an uncursed ring of ice {unknown}
 k - a cursed amulet of inaccuracy {unknown}
Scrolls
 d - a scroll of identify {unknown}
 e - a scroll of recharging
 g - a scroll of random uselessness {unknown}
Potions
 c - 2 potions of brilliance {unknown}
Comestibles
 b - 4 bread rations
 f - a beef jerky
 h - 3 fruits
 j - a slice of pizza


   Skills:
 - Level 2.4 Fighting
 - Level 2.4 Dodging
 - Level 1.1 Stealth
 * Level 5.6 Unarmed Combat


You had 3 spell levels left.
You didn't know any spells.

Dungeon Overview and Level Annotations

Branches:
Dungeon (3/15)

Altars:
Ashenzari


Innate Abilities, Weirdness & Mutations

You are too large for most types of armour.
You have claws for hands.
Your metabolism is lightning-fast.
You like to eat raw meat.
You heal very quickly.
You are covered in fur (AC +1).
You have very tough skin (AC +2).


Message History

The orc priest miscasts a cantrip.
You claw the orc priest!
The orc priest is severely wounded.
The orc priest mumbles some strange prayers to Beogh against you.
Pain shoots through your body!
* * * LOW HITPOINT WARNING * * *
You see here a hand axe.
The orc priest looks braver for a moment.
An orc comes into view.
The orc shouts!
The orc priest looks braver for a moment.
The orc priest calls down the wrath of Beogh upon you.
Pain shoots through your body!
* * * LOW HITPOINT WARNING * * *
The orc priest calls down the wrath of Beogh upon you.
Beogh smites you!
* * * LOW HITPOINT WARNING * * *
The orc priest invokes the aid of Beogh against you.
Beogh smites you!
You die...

##.#o# #..#.###.##.......# ...#.#
#..#.o# .#........#
####.####..##.##.#.#(.....#
.....#.....#.....#.#......#
####.......#.#.###.#......#
...........#.#.###.#.###.##
.###......##.#..##.#.###.#
................##....<#.#
#####.#########.@###.###.########
#.# ##.# #.# #.....)... #.# #.#
#.# #########. #.#
###.###.###########. #.####..
.................... #...##(#
####.##.###......... ###.##.#
#....†..# #......... ###'##.#
#.##.)#.# #......... #......#
#.#...#.# #.........


You could see an orc priest.

Vanquished Creatures
  2 adders (D:2)
  A worm (D:2)
  2 dart slugs
  3 giant geckos
  3 orcs (D:3)
  2 giant cockroaches
  3 goblins
  3 hobgoblins
  3 quokkas
  5 bats
  4 giant newts
  3 kobolds
  8 rats
42 creatures vanquished.

Notes
Turn   | Place    | Note
--------------------------------------------------------------
     0 | D:1      | Valdrik the Troll Monk began the quest for the Orb.
     0 | D:1      | Reached XP level 1. HP: 22/22 MP: 0/0
   213 | D:1      | Reached XP level 2. HP: 25/29 MP: 1/1
   926 | D:2      | Reached skill level 5 in Unarmed Combat
   926 | D:2      | Reached XP level 3. HP: 29/36 MP: 2/2
   983 | D:2      | Found a shattered altar of Ashenzari.
  1535 | D:3      | Reached XP level 4. HP: 44/44 MP: 3/3
  1572 | D:3      | HP: 1/44 [orc priest/divine providence (12)]
  1575 | D:3      | Killed from afar by an orc priest

Skill      XL: |  1  2 |
---------------+-------+-----
Unarmed Combat | 5 |  5.6
Fighting       | |  2.4
Dodging        | |  2.4
Stealth        | |  1.1

Action                   |  1- 3 |  4- 6 || total
-------------------------+-------+-------++-------
Melee: Unarmed           |    94 |     8 ||   102
       Punch             |     2 |       ||     2
  Use: Scroll            |     1 |       ||     1
 Stab: Sleeping          |     5 |       ||     5
  Eat: Chunk             |    16 |       ||    16
Armor: Robe              |    42 |     1 ||    43
Dodge: Dodged            |    43 |     1 ||    44
